SAA
ATLANTIC CITY SONICS @ GURDON PELICANS
08/19/2019
 
TOP OF THE 1ST
Atlantic City Sonics batting - Pitching for Gurdon Pelicans : RHP Stanley Williams
Pitching: RHP Stanley Williams
Batting: RHB Josh Stafford 0-0: Foul Ball, location: 2F
0-1: Foul Ball, location: 2F
0-2: Ball
1-2: Ball
2-2: Ball
3-2: Foul Ball, location: 2F
3-2: Ground out 3-1 (Groundball, 34)
Batting: RHB Leonard Jones 0-0: Called Strike
0-1: Ball
1-1: Ball
2-1: Ball
3-1: Base on Balls
Batting: RHB António Granados 0-0: Ball
1-0: Grounds into double play, 4-6-3 (Groundball, 4)
Top of the 1st over - 0 run(s), 0 hit(s), 0 error(s), 0 left on base; Atlantic City 0 - Gurdon 0
BOTTOM OF THE 1ST
Gurdon Pelicans batting - Pitching for Atlantic City Sonics : LHP Carlos Sánchez
Pitching: LHP Carlos Sánchez
Batting: RHB Ludovico Trezza 0-0: Fly out, F8 (Flyball, 8RM)
Batting: LHB Guillermo Martínez 0-0: Called Strike
0-1: Ball
1-1: Called Strike
1-2: Strikes out swinging
Batting: SHB Lionel Merlet 0-0: Called Strike
0-1: Ball
1-1: Ball
2-1: Ball
3-1: Base on Balls
Batting: RHB Bobby Buck 0-0: Ball
1-0: Foul Ball, location: 2F
1-1: Fly out, F8 (Flyball, 8RM)
Bottom of the 1st over - 0 run(s), 0 hit(s), 0 error(s), 1 left on base; Atlantic City 0 - Gurdon 0
TOP OF THE 2ND
Atlantic City Sonics batting - Pitching for Gurdon Pelicans : RHP Stanley Williams
Batting: LHB Pedro López 0-0: Called Strike
0-1: Foul Ball, location: 2F
0-2: Strikes out swinging
Batting: LHB Kip Burks 0-0: Swinging Strike
0-1: Ball
1-1: Called Strike
1-2: Foul Ball, location: 2F
1-2: Foul Ball, location: 2F
1-2: Ball
2-2: Fly out, F7 (Flyball, 7M)
Batting: RHB Chris Teague 0-0: DOUBLE (Flyball, 78M)
Batting: LHB Neal Hart 0-0: Foul Ball, location: 2F
0-1: SINGLE (Groundball, 4MD)
Chris Teague to third
Runner from 3rd tries for Home, SAFE, no throw or cutoff
Batting: RHB Robbie Chambers 0-0: Called Strike
0-1: Called Strike
0-2: Strikes out looking
Top of the 2nd over - 1 run(s), 2 hit(s), 0 error(s), 1 left on base; Atlantic City 1 - Gurdon 0
BOTTOM OF THE 2ND
Gurdon Pelicans batting - Pitching for Atlantic City Sonics : LHP Carlos Sánchez
Batting: RHB Riley Howard 0-0: Ground out 6-3 (Groundball, 6)
Batting: RHB António Sánchez 0-0: Foul Ball, location: 2F
0-1: Called Strike
0-2: Ball
1-2: Foul Ball, location: 2F
1-2: Ball
2-2: SINGLE (Groundball, 34D) (infield hit)
Batting: RHB Micah Miller 0-0: Ball
1-0: Called Strike
1-1: Ball
2-1: Swinging Strike
2-2: Foul Ball, location: 2F
2-2: Ball
3-2: Fielders Choice at 2nd, U6 (Groundball, 6M)
Batting: RHB Tony Hernández 0-0: Foul Ball, location: 2F
0-1: Swinging Strike
0-2: Ball
1-2: Foul Ball, location: 2F
1-2: Strikes out looking
Bottom of the 2nd over - 0 run(s), 1 hit(s), 0 error(s), 1 left on base; Atlantic City 1 - Gurdon 0
TOP OF THE 3RD
Atlantic City Sonics batting - Pitching for Gurdon Pelicans : RHP Stanley Williams
Batting: RHB Jim Scott 0-0: Called Strike
0-1: Foul Ball, location: 2F
0-2: Ball
1-2: Ball
2-2: Ground out 6-3 (Groundball, 6)
Batting: RHB Josh Stafford 0-0: Foul Ball, location: 2F
0-1: Ball
1-1: Swinging Strike
1-2: Ball
2-2: Foul Ball, location: 2F
2-2: Strikes out swinging
Batting: RHB Leonard Jones 0-0: Called Strike
0-1: Foul Ball, location: 2F
0-2: Foul Ball, location: 2F
0-2: Ball
1-2: Ball
2-2: Ball
3-2: Foul Ball, location: 2F
3-2: Base on Balls
Batting: RHB António Granados 0-0: Ball
1-0: Ball
2-0: Ball
3-0: Called Strike
3-1: Called Strike
3-2: Fly out, F9 (Flyball, 9M)
Top of the 3rd over - 0 run(s), 0 hit(s), 0 error(s), 1 left on base; Atlantic City 1 - Gurdon 0
BOTTOM OF THE 3RD
Gurdon Pelicans batting - Pitching for Atlantic City Sonics : LHP Carlos Sánchez
Batting: RHB Martín Álvarez 0-0: Fly out, F8 (Flyball, 8LM)
Batting: RHB Ludovico Trezza 0-0: Fly out, F7 (Flyball, 7S)
Batting: LHB Guillermo Martínez 0-0: Swinging Strike
0-1: Swinging Strike
0-2: Foul Ball, location: 2F
0-2: Strikes out swinging
Bottom of the 3rd over - 0 run(s), 0 hit(s), 0 error(s), 0 left on base; Atlantic City 1 - Gurdon 0
TOP OF THE 4TH
Atlantic City Sonics batting - Pitching for Gurdon Pelicans : RHP Stanley Williams
Batting: LHB Pedro López 0-0: Ball
1-0: Called Strike
1-1: Called Strike
1-2: Foul Ball, location: 2F
1-2: Ball
2-2: Foul Ball, location: 2F
2-2: Ground out 6-3 (Groundball, 6)
Batting: LHB Kip Burks 0-0: Swinging Strike
0-1: Ball
1-1: Foul Ball, location: 2F
1-2: Strikes out looking
Batting: RHB Chris Teague 0-0: Called Strike
0-1: Ball
1-1: Called Strike
1-2: Ball
2-2: SINGLE (Line Drive, 56)
Batting: LHB Neal Hart 0-0: Fly out, F7 (Flyball, 7D)
Top of the 4th over - 0 run(s), 1 hit(s), 0 error(s), 1 left on base; Atlantic City 1 - Gurdon 0
BOTTOM OF THE 4TH
Gurdon Pelicans batting - Pitching for Atlantic City Sonics : LHP Carlos Sánchez
Batting: SHB Lionel Merlet 0-0: Foul Ball, location: 2F
0-1: Ground out 6-3 (Groundball, 6)
Batting: RHB Bobby Buck 0-0: Called Strike
0-1: Ball
1-1: SINGLE (Line Drive, 7S)
Batting: RHB Riley Howard 0-0: Ball
1-0: Fly out, F8 (Flyball, 89D)
Batting: RHB António Sánchez 0-0: Called Strike
0-1: Foul Ball, location: 2F
0-2: Strikes out looking
Bottom of the 4th over - 0 run(s), 1 hit(s), 0 error(s), 1 left on base; Atlantic City 1 - Gurdon 0
TOP OF THE 5TH
Atlantic City Sonics batting - Pitching for Gurdon Pelicans : RHP Stanley Williams
Batting: RHB Robbie Chambers 0-0: Called Strike
0-1: Swinging Strike
0-2: Strikes out swinging
Batting: RHB Jim Scott 0-0: Called Strike
0-1: Swinging Strike
0-2: Ball
1-2: Ball
2-2: Strikes out swinging
Batting: RHB Josh Stafford 0-0: Foul Ball, location: 2F
0-1: Fly out, F9 (Flyball, 9S)
Top of the 5th over - 0 run(s), 0 hit(s), 0 error(s), 0 left on base; Atlantic City 1 - Gurdon 0
BOTTOM OF THE 5TH
Gurdon Pelicans batting - Pitching for Atlantic City Sonics : LHP Carlos Sánchez
Batting: RHB Micah Miller 0-0: Ball
1-0: Ball
2-0: Foul Ball, location: 2F
2-1: SINGLE (Line Drive, 7LS)
Batting: RHB Tony Hernández 0-0: Bunted foul
0-1: Sac Bunt - play at first, batter OUT! 2-4
Micah Miller to second
Batting: RHB Martín Álvarez 0-0: Ball
1-0: Ball
2-0: Ball
3-0: Called Strike
3-1: Base on Balls
Batting: RHB Ludovico Trezza 0-0: Ball
1-0: Ground out 4-3 (Groundball, 4M)
Micah Miller to third
Martín Álvarez to second
Batting: LHB Guillermo Martínez 0-0: Ball
1-0: Ball
2-0: Ball
3-0: Called Strike
3-1: Base on Balls
Batting: SHB Lionel Merlet 0-0: Ball
1-0: Ball
2-0: Ball
3-0: Base on Balls
Micah Miller scores
Martín Álvarez to third
Guillermo Martínez to second
Batting: RHB Bobby Buck 0-0: Called Strike
0-1: Foul Ball, location: 2F
0-2: Strikes out swinging
Bottom of the 5th over - 1 run(s), 1 hit(s), 0 error(s), 3 left on base; Atlantic City 1 - Gurdon 1
TOP OF THE 6TH
Atlantic City Sonics batting - Pitching for Gurdon Pelicans : RHP Stanley Williams
Batting: RHB Leonard Jones 0-0: Ball
1-0: Foul Ball, location: 2F
1-1: Ball
2-1: Foul Ball, location: 2F
2-2: Ground out 5-3 (Groundball, 56)
Batting: RHB António Granados 0-0: Ground out 6-3 (Groundball, 6M)
Batting: LHB Pedro López 0-0: Called Strike
0-1: Ball
1-1: Ball
2-1: Foul Ball, location: 2F
2-2: Ball
3-2: Fly out, F8 (Popup, 8LS)
Top of the 6th over - 0 run(s), 0 hit(s), 0 error(s), 0 left on base; Atlantic City 1 - Gurdon 1
BOTTOM OF THE 6TH
Gurdon Pelicans batting - Pitching for Atlantic City Sonics : LHP Carlos Sánchez
Batting: RHB Riley Howard 0-0: Ball
1-0: Foul Ball, location: 2F
1-1: Ball
2-1: Swinging Strike
2-2: Fly out, F8 (Flyball, 8LM)
Batting: RHB António Sánchez 0-0: Called Strike
0-1: Fly out, F7 (Flyball, 7M)
Batting: RHB Micah Miller 0-0: Called Strike
0-1: Foul Ball, location: 2F
0-2: Ball
1-2: Strikes out looking
Bottom of the 6th over - 0 run(s), 0 hit(s), 0 error(s), 0 left on base; Atlantic City 1 - Gurdon 1
TOP OF THE 7TH
Atlantic City Sonics batting - Pitching for Gurdon Pelicans : RHP Stanley Williams
Batting: LHB Kip Burks 0-0: Ball
1-0: Swinging Strike
1-1: Ball
2-1: Called Strike
2-2: Foul Ball, location: 2F
2-2: Strikes out looking
Batting: RHB Chris Teague 0-0: Swinging Strike
0-1: Swinging Strike
0-2: Ground out 1-3 (Groundball, 13)
Batting: LHB Neal Hart 0-0: Called Strike
0-1: Ball
1-1: Called Strike
1-2: Foul Ball, location: 2F
1-2: Strikes out swinging
Top of the 7th over - 0 run(s), 0 hit(s), 0 error(s), 0 left on base; Atlantic City 1 - Gurdon 1
BOTTOM OF THE 7TH
Gurdon Pelicans batting - Pitching for Atlantic City Sonics : LHP Carlos Sánchez
Pinch Hitting: RHB Alex Maxwell 0-0: Ball
1-0: Ball
2-0: Ball
3-0: Base on Balls
Pinch Hitting: RHB Chip Teague 0-0: Ball
1-0: Called Strike
1-1: Foul Ball, location: 2F
1-2: Ball
2-2: Ball
3-2: Base on Balls
Alex Maxwell to second
Pinch Hitting: SHB Jim Unknown 0-0: Ball
1-0: Ball
2-0: Sac Bunt - play at first, batter safe!
Alex Maxwell to third
Chip Teague to second
Pinch Hitting: RHB Morton Kelly 0-0: Called Strike
0-1: Ball
1-1: Foul Ball, location: 2F
1-2: Ball
2-2: Ball
3-2: Strikes out swinging
Batting: SHB Lionel Merlet 0-0: Ball
1-0: Fly out, F3 (Popup, 3F)
Pitching: LHP Ted Wright
Batting: RHB Bobby Buck 0-0: Called Strike
0-1: Called Strike
0-2: Strikes out swinging
Bottom of the 7th over - 0 run(s), 1 hit(s), 0 error(s), 3 left on base; Atlantic City 1 - Gurdon 1
TOP OF THE 8TH
Atlantic City Sonics batting - Pitching for Gurdon Pelicans : RHP Stanley Williams
Pitching: RHP Chris Smith
Now at 1B: Jim Unknown
Now at 3B: Morton Kelly
Now at SS: Chip Teague
Now in RF: Alex Maxwell
Pinch Hitting: LHB Jim Unknown 0-0: Called Strike
0-1: Foul Ball, location: 2F
0-2: Strikes out looking
Batting: RHB Jim Scott 0-0: Ball
1-0: Ball
2-0: Called Strike
2-1: Ball
3-1: Foul Ball, location: 2F
3-2: Base on Balls
Pinch Hitting: RHB César Ramírez 0-0: Foul Ball, location: 2F
0-1: Ball
1-1: Swinging Strike
1-2: Ball
2-2: Ball
3-2: Strikes out swinging
Pinch Hitting: LHB Steven Johnson 0-0: Ball
1-0: Ball
2-0: Called Strike
2-1: SINGLE (Groundball, 4MD) (infield hit)
Jim Scott to second
Batting: RHB António Granados 0-0: Ball
1-0: Ground out 4-3 (Groundball, 4)
Top of the 8th over - 0 run(s), 1 hit(s), 0 error(s), 2 left on base; Atlantic City 1 - Gurdon 1
BOTTOM OF THE 8TH
Gurdon Pelicans batting - Pitching for Atlantic City Sonics : LHP Ted Wright
Now at 2B: Dale Parkinson
Now at SS: Marty Hayden
Now in RF: Jim Unknown
Batting: RHB Riley Howard 0-0: Ball
1-0: Foul Ball, location: 2F
1-1: Foul Ball, location: 2F
1-2: Fly out, F8 (Flyball, 8LM)
Batting: RHB António Sánchez 0-0: Ball
1-0: Foul Ball, location: 2F
1-1: SINGLE (Groundball, 56) (infield hit)
Batting: RHB Micah Miller 0-0: Ball
1-0: Ball
Passed Ball!
António Sánchez to second
2-0: Swinging Strike
2-1: Ball
António Sánchez is caught stealing 3rd base
3-1: Foul Ball, location: 2F
3-2: Ground out 5-3 (Groundball, 5)
Bottom of the 8th over - 0 run(s), 1 hit(s), 0 error(s), 0 left on base; Atlantic City 1 - Gurdon 1
TOP OF THE 9TH
Atlantic City Sonics batting - Pitching for Gurdon Pelicans : RHP Chris Smith
Pitching: LHP José Martínez
Pinch Hitting: RHB Jason Duncan 0-0: Ball
1-0: Ball
2-0: Ball
3-0: Called Strike
3-1: Foul Ball, location: 2F
3-2: SINGLE (Flyball, 9LS)
Pitching: LHP Stanton Miranda
Pinch Hitting: RHB Jim Unknown 0-0: Foul Ball, location: 2F
0-1: Foul Ball, location: 2F
0-2: Ball
1-2: Ball
2-2: Foul Ball, location: 2F
2-2: Foul Ball, location: 2F
2-2: Ball
3-2: Base on Balls
Jason Duncan to second
Batting: RHB Chris Teague 0-0: Ball
1-0: Foul Ball, location: 2F
1-1: Fly out, F5 (Popup, 56)
Pinch Hitting: RHB Luis Garza 0-0: Called Strike
0-1: Swinging Strike
0-2: Ball
1-2: Strikes out swinging
Batting: LHB Jim Unknown 0-0: Called Strike
0-1: Ball
1-1: Called Strike
1-2: Ball
2-2: Strikes out swinging
Top of the 9th over - 0 run(s), 1 hit(s), 0 error(s), 2 left on base; Atlantic City 1 - Gurdon 1
BOTTOM OF THE 9TH
Gurdon Pelicans batting - Pitching for Atlantic City Sonics : LHP Ted Wright
Pitching: RHP Jim Unknown
Now at 1B: David Snyder
Now at 2B: Luis Garza
Now in CF: Jim Unknown
Batting: RHB Alex Maxwell 0-0: Called Strike
0-1: Ball
1-1: Foul Ball, location: 2F
1-2: Ball
2-2: Strikes out looking
Batting: RHB Chip Teague 0-0: Called Strike
0-1: Foul Ball, location: 2F
0-2: Foul Ball, location: 2F
0-2: Ball
1-2: SINGLE (Line Drive, 8LS)
Batting: SHB Jim Unknown 0-0: Ball
Chip Teague is caught stealing 2nd base
1-0: Ball
2-0: Fly out, F3 (Line Drive, 34)
Bottom of the 9th over - 0 run(s), 1 hit(s), 0 error(s), 0 left on base; Atlantic City 1 - Gurdon 1
TOP OF THE 10TH
Atlantic City Sonics batting - Pitching for Gurdon Pelicans : LHP Stanton Miranda
Batting: RHB Jim Scott 0-0: Ground out 5-3 (Groundball, 56)
Pinch Hitting: RHB Edgar Stephenson 0-0: Fly out, F1 (Line Drive, 13)
Batting: LHB Dale Parkinson 0-0: Foul Ball, location: 2F
0-1: Ball
1-1: Fly out, F8 (Flyball, 8RS)
Top of the 10th over - 0 run(s), 0 hit(s), 0 error(s), 0 left on base; Atlantic City 1 - Gurdon 1
BOTTOM OF THE 10TH
Gurdon Pelicans batting - Pitching for Atlantic City Sonics : RHP Jim Unknown
Now at 1B: Edgar Stephenson
Batting: RHB Morton Kelly 0-0: Ball
1-0: Called Strike
1-1: SINGLE (Line Drive, 6MD)
Batting: SHB Lionel Merlet 0-0: Called Strike
0-1: Foul Ball, location: 2F
0-2: Ball
1-2: Strikes out swinging
Batting: RHB Bobby Buck 0-0: Swinging Strike
0-1: Called Strike
0-2: Ball
1-2: Fly out, F8 (Flyball, 78D)
Batting: RHB Riley Howard 0-0: Ball
1-0: Fielders Choice at 2nd, U6 (Groundball, 6M)
Bottom of the 10th over - 0 run(s), 1 hit(s), 0 error(s), 1 left on base; Atlantic City 1 - Gurdon 1
TOP OF THE 11TH
Atlantic City Sonics batting - Pitching for Gurdon Pelicans : LHP Stanton Miranda
Batting: RHB António Granados 0-0: SINGLE (Line Drive, 4MD)
Pinch Hitting: RHB Chris Henderson 0-0: Ball
1-0: Ball
2-0: Foul Ball, location: 2F
2-1: Ball
3-1: Foul Ball, location: 2F
3-2: Strikes out looking
Batting: RHB Jim Unknown 0-0: Ball
1-0: Called Strike
1-1: SINGLE (Groundball, 56S)
António Granados to second
Batting: RHB Chris Teague 0-0: Ball
1-0: Foul Ball, location: 2F
1-1: Grounds into double play, 6-4-3 (Groundball, 6)
Top of the 11th over - 0 run(s), 2 hit(s), 0 error(s), 1 left on base; Atlantic City 1 - Gurdon 1
BOTTOM OF THE 11TH
Gurdon Pelicans batting - Pitching for Atlantic City Sonics : RHP Jim Unknown
Pitching: LHP Miguel Canó
Now in LF: Bob Ethridge
Batting: RHB António Sánchez 0-0: Swinging Strike
0-1: Ball
1-1: Called Strike
1-2: Ground out 6-3 (Groundball, 6)
Batting: RHB Micah Miller 0-0: Called Strike
0-1: Ball
1-1: Ball
2-1: SINGLE (Groundball, 2L) (infield hit)
Batting: RHB Alex Maxwell 0-0: Ball
1-0: Ball
2-0: Ball
3-0: Called Strike
3-1: Swinging Strike
3-2: Foul Ball, location: 2F
3-2: Fly out, F8 (Line Drive, 8LD)
Batting: RHB Chip Teague 0-0: Called Strike
0-1: Foul Ball, location: 2F
0-2: Ball
1-2: Foul Ball, location: 2F
1-2: Reached on error, E5 (Groundball, 5S)
Micah Miller to second
Batting: SHB Jim Unknown 0-0: Called Strike
0-1: Ball
Single, Error in OF, E9, batter to second base
Micah Miller scores
This league is powered by Out of the Park Baseball, the baseball management simulation game for PC, Mac and Linux
Saturday, July 25th, 2015 - OOTP Baseball 15.6 Build 34